 Dungeon Crawl Stone Soup version 0.26-a0-18-g135ff06667 (webtiles) character file.

Game seed: 3924713945235259715, levelgen mode: deterministic

95 Morbidden the Skirmisher (level 4, -1/44 HPs)
             Began as a Naga Berserker on May 25, 2020.
             Was a Follower of Trog.
             Slain by a worm (6 damage)
             ... on level 3 of the Dungeon.
             The game lasted 00:03:21 (2775 turns).

Morbidden the Skirmisher (Naga Berserker)           Turns: 2775, Time: 00:03:22

Health: -1/44      AC:  6    Str: 20    XL:     4   Next: 66%
Magic:  13/13      EV:  8    Int:  7    God:    Trog [*.....]
Gold:   133        SH:  0    Dex: 11    Spells: 3/3 levels left

rFire    + . .     SeeInvis +   a - +1 spear
rCold    . . .     Gourm    .   (no shield)
rNeg     . . .     Faith    .   u - +0 scale mail
rPois    +         Spirit   .   p - +1 helmet
rElec    .         Reflect  .   (no cloak)
rCorr    .         Harm     .   (no gloves)
MR       .....                  (no barding)
Stlth    ..........             (no amulet)
HPRegen  0.14/turn              d - ring of magical power
MPRegen  0.13/turn              h - ring of protection from fire

@: berserk cooldown, slowed, very slow
A: large, see invisible, deformed body, poison resistance, slowness 2, slow
metabolism 1, spit poison 1, AC +1
a: Spit Poison, Berserk, Renounce Religion


You were on level 3 of the Dungeon.
You worshipped Trog.
Trog was aware of your devotion.
You were near starving.

You visited 1 branch of the dungeon, and saw 3 of its levels.

You collected 133 gold pieces.

Inventory:

Hand Weapons
 a - a +1 spear (weapon)
Armour
 p - a +1 helmet (worn)
 u - a +0 scale mail (worn)
Jewellery
 d - a ring of magical power (left hand)
 h - a ring of protection from fire (right hand)
Scrolls
 b - 2 scrolls of enchant weapon
 e - a scroll of blinking {unknown}
 i - a scroll of noise {unknown}
 l - a scroll of remove curse
 n - a scroll of amnesia {unknown}
 q - a scroll of enchant armour {unknown}
 r - a scroll of fog {unknown}
 s - a scroll of random uselessness {unknown}
 t - a scroll of identify {unknown}
Potions
 f - 3 potions of haste {unknown}
 g - 2 potions of brilliance {unknown}
 j - 4 potions of resistance {unknown}
 k - a potion of might {unknown}
 m - a potion of lignification {unknown}
 o - 2 potions of degeneration {unknown}
Comestibles
 c - 3 rations
 v - 2 chunks of flesh


   Skills:
 * Level 4.1 Fighting
 + Level 3.8 Polearms
 + Level 1.9 Armour
 + Level 2.0 Dodging
 + Level 1.0 Stealth


You had 3 spell levels left.
You didn't know any spells.
Your spell library was empty.

Dungeon Overview and Level Annotations

Branches:
Dungeon (3/15)

Altars:
Ashenzari
Kikubaaqudgha
Makhleb
Trog


Innate Abilities, Weirdness & Mutations

You cannot wear boots.
Your serpentine skin is tough. (AC +1)
You have supernaturally acute eyesight. (SInv)
Armour fits poorly on your strangely shaped body.
Your system is resistant to poisons. (rPois)
You cover ground very slowly.
You have a slow metabolism.
You can spit poison.


Message History

Trog accepts your kill.
Your Fighting skill increases to level 4!
Your Dodging skill increases to level 2!
Your Stealth skill increases to level 1!
You feel a strong urge to attack something.
You are no longer berserk.
You are exhausted.
You feel yourself slow down.
A worm comes into view.
Evoke which item? (* to show all) (? for menu, Esc to quit)
Okay, then.
The worm bites you!
* * * LOW HITPOINT WARNING * * *
You hear the rusting of a very distant drain.
The worm bites you.
* * * LOW HITPOINT WARNING * * *
The worm bites you.
* * * LOW HITPOINT WARNING * * *
The worm bites you.
You die...

##...#### # #..## #.##
#.# #.# #+# #.# #.#
#.# #.# #w# ##.## #@#
##.<.##
#.........#.##.....###
#.###.###.............
#.. ....###.##### ###
... ### .


You could see a worm.

Vanquished Creatures
  A bullfrog zombie (D:3)
  2 adders
  An ooze (D:1)
  A worm (D:2)
  2 dart slugs (D:2)
  2 leopard geckos
  2 giant cockroaches (D:1)
  3 goblins (D:1)
  6 hobgoblins
  A ball python (D:1)
  A bat (D:1)
  2 frilled lizards
  3 kobolds
  9 rats
36 creatures vanquished.

Vanquished Creatures (others)
  A human (D:2)
1 creature vanquished.

Grand Total: 37 creatures vanquished

Notes
Turn   | Place    | Note
-------+----------+-------------------------------------------
     0 | D:1      | Morbidden the Naga Berserker began the quest for the Orb.
     0 | D:1      | Reached XP level 1. HP: 21/21 MP: 1/1
   409 | D:1      | Reached XP level 2. HP: 28/28 MP: 2/2
  1060 | D:1      | Reached XP level 3. HP: 34/34 MP: 3/3
  1847 | D:2      | Found an ancient bone altar of Kikubaaqudgha.
  1850 | D:2      | Noticed a human
  1851 | D:2      | Killed a human
  1898 | D:2      | Found a shattered altar of Ashenzari.
  1953 | D:2      | Found a bloodstained altar of Trog.
  2041 | D:2      | Found a burning altar of Makhleb.
  2728 | D:3      | Reached XP level 4. HP: 26/44 MP: 4/4
  2757 | D:3      | Reached skill level 4 in Fighting
  2757 | D:3      | Reached skill level 1 in Stealth
  2775 | D:3      | Slain by a worm

Illustrated notes

Levels and vault maps discovered:
D:1:      minmay_arrival_nine_rooms, layout_loops_ring
D:2:      layout_basic, lightli_temple_of_fire, evilmike_ruin_ashenzari,
          lemuel_crystal_altar, st_stairs_12,
          hangedman_abyss_or_decor_lesser_grid, tgw_kikubaaqudgha
D:3:      layout_loops_corners, overflow_temple_1_default, first_ration,
          gup_sewer_entry_spiral, serial_glass, glass_columns_c,
          glass_columns_a, glass_columns_b, glass_columns_a,
          hangedman_decor_diamond_cutter

Skill      XL: |  1  2  3  4 |
---------------+-------------+-----
Fighting       | 4 |  4.1
Dodging        | 2 |  2.0
Stealth        | 1 |  1.0
Polearms       | |  3.8
Armour         | |  1.9

Action                   |  1- 3 |  4- 6 || total
-------------------------+-------+-------++-------
Melee: Spear             |   118 |    15 ||   133
Invok: Berserk           |     2 |     1 ||     3
 Abil: Spit Poison       |     2 |       ||     2
  Use: Scroll            |     3 |       ||     3
 Stab: Sleeping          |     1 |       ||     1
  Eat: Chunk             |     5 |       ||     5
Armor: Animal skin       |     7 |       ||     7
       Scale mail        |     5 |     5 ||    10
Dodge: Dodged            |    38 |     4 ||    42

Table legend:
 A = Non-vault XP
 B = Vault XP
 C = Vault XP percentage of total XP
 D = Non-vault monster count
 E = Vault monster count
 F = Vault count percentage of total count
                 A         B        C        D         E       F
            +---------+---------+-------+---------+---------+-------
      Total |     132 |       5 |   3.6 |      35 |       1 |   2.8
            +---------+---------+-------+---------+---------+-------
        D:1 |      36 |       0 |   0.0 |      20 |       0 |   0.0
        D:2 |      30 |       5 |  14.3 |      10 |       1 |   9.1
        D:3 |      66 |       0 |   0.0 |       5 |       0 |   0.0
            +---------+---------+-------+---------+---------+-------
